 Dungeon Crawl Stone Soup version 0.19-a0-1937-g70ed36a (webtiles) character file.

118 varam the Ruffian (level 4, -2/44 HPs)
             Began as a Troll Monk on Oct 26, 2016.
             Slain by a gnoll (4 damage)
             ... on level 2 of the Dungeon.
             The game lasted 00:02:26 (1943 turns).

varam the Ruffian (Troll Monk)                      Turns: 1943, Time: 00:02:26

Health: -2/44      AC:  5    Str: 20    XL:     4   Next: 72%
Magic:  3/3        EV: 10    Int:  6    God:
Gold:   59         SH:  0    Dex: 12    Spells: 0 memorised, 3 levels left

rFire  . . .     SeeInvis .       - Unarmed
rCold  . . .     Gourm    +     a - +0 robe
rNeg   . . .     Faith    .     (no shield)
rPois  .         Spirit   .     (helmet restricted)
rElec  .         Reflect  .     (no cloak)
rCorr  .         Harm     .     (gloves unavailable)
MR     .....                    (boots unavailable)
Stlth  ++........               (no amulet)
                                (no ring)
                                (no ring)

@: no status effects
A: unfitting armour, claws 3, fast metabolism 3, gourmand, regeneration 1,
shaggy fur 1, tough skin 2
a: no special abilities


You were on level 2 of the Dungeon.
You were very full.

You visited 1 branch of the dungeon, and saw 2 of its levels.

You collected 59 gold pieces.

Inventory:

Missiles
 g - 26 stones (quivered)
Armour
 a - a +0 robe (worn)
Scrolls
 d - 2 scrolls of remove curse {unknown}
 f - a scroll of random uselessness {unknown}
 i - a scroll of identify {unknown}
 j - a scroll of amnesia {unknown}
 k - a scroll of recharging {unknown}
Potions
 c - a potion of curing {unknown}
 e - a potion of brilliance {unknown}
 h - 2 potions of degeneration {unknown}
Comestibles
 b - 2 bread rations


   Skills:
 - Level 2.4 Fighting
 - Level 2.4 Dodging
 - Level 1.0 Stealth
 + Level 5.5 Unarmed Combat


You had 3 spell levels left.
You didn't know any spells.

Dungeon Overview and Level Annotations

Branches:
Dungeon (2/15)

Altars:
Trog


Innate Abilities, Weirdness & Mutations

You are too large for most types of armour.
You have claws for hands.
Your metabolism is lightning-fast.
You like to eat raw meat.
Your natural rate of healing is unusually fast.
You are covered in fur. (AC +1)
You have very tough skin. (AC +2)


Message History

The gnoll hits you. x2
You closely miss the gnoll.
The gnoll is heavily wounded.
The gnoll hits you!
* * * LOW HITPOINT WARNING * * *
The gnoll hits you.
* * * LOW HITPOINT WARNING * * *
The gnoll hits you.
* * * LOW HITPOINT WARNING * * *
Things that are here:
an enchanted spear; a gnoll corpse The gnoll hits you.
* * * LOW HITPOINT WARNING * * *
There is an open door here.
You closely miss the gnoll.
The gnoll is heavily wounded.
You closely miss the gnoll. Your claw misses the gnoll.
The gnoll is heavily wounded.
The gnoll hits you but does no damage. The gnoll hits you.
You die...

### #.#########
#...gg.....
#.######.##
########.#
#......#.#
#########......#g#
...†....'.....)g@#
#########......###
####..>....##
#..........#
#..........# ..
####.......)..##.##
...'....>.....#...
####..........#..#
.......####'###..#


You could see 2 gnolls.

Vanquished Creatures
  2 gnolls (D:2)
  5 adders (D:2)
  An ooze (D:1)
  2 worms (D:2)
  3 dart slugs
  7 bats
  4 goblins
  6 hobgoblins
  A frilled lizard (D:2)
  6 kobolds
  5 rats
42 creatures vanquished.

Notes
Turn   | Place    | Note
-------+----------+-------------------------------------------
     0 | D:1      | varam the Troll Monk began the quest for the Orb.
     0 | D:1      | Reached XP level 1. HP: 22/22 MP: 0/0
   324 | D:1      | Reached XP level 2. HP: 29/29 MP: 1/1
   734 | D:1      | Reached skill level 4 in Unarmed Combat
  1009 | D:2      | Reached XP level 3. HP: 36/36 MP: 2/2
  1098 | D:2      | Found a bloodstained altar of Trog.
  1227 | D:2      | Reached XP level 4. HP: 21/44 MP: 3/3
  1577 | D:2      | Reached skill level 5 in Unarmed Combat
  1940 | D:2      | HP: 1/44 [gnoll (5)]
  1943 | D:2      | Slain by a gnoll

Vault maps used:
D:1:      minmay_arrival_stone_box, minmay_fountain_box
D:2:      trog_book

Skill      XL: |  1  2  3  4 |
---------------+-------------+-----
Unarmed Combat | 4 5 |  5.5
Fighting       | |  2.4
Dodging        | |  2.4
Stealth        | |  1.0

Action                   |  1- 3 |  4- 6 || total
-------------------------+-------+-------++-------
Melee: Unarmed           |   102 |    44 ||   146
 Stab: Sleeping          |     1 |       ||     1
  Eat: Chunk             |    17 |     4 ||    21
Armor: Robe              |    34 |    10 ||    44
Dodge: Dodged            |    45 |    19 ||    64
